EL
PORTLAND SEA DOGS @ ERIE SEAWOLVES
09/11/2045
 
TOP OF THE 1ST
Portland Sea Dogs batting - Pitching for Erie SeaWolves : RHP Andy Miller
Pitching: RHP Andy Miller
Batting: RHB John Chiesa 0-0: Called Strike
0-1: Called Strike
0-2: Ball
1-2: Foul Ball, location: 2F
1-2: Strikes out swinging
Batting: RHB Manny Jurado 0-0: Foul Ball, location: 2F
0-1: Swinging Strike
0-2: Ball
1-2: Ball
2-2: SOLO HOME RUN (Flyball, 9D, EV 99.4 MPH), Distance : 397 ft
Batting: LHB Blake Sams 0-0: Called Strike
0-1: Called Strike
0-2: Ball
1-2: Ground out U3 (Groundball, 23, EV 90.0 MPH)
Batting: LHB Julian Toney 0-0: Ball
1-0: Ball
2-0: Swinging Strike
2-1: SINGLE (Line Drive, 9S, EV 102.5 MPH)
Batting: RHB Carlos Nolasco 0-0: Ball
1-0: Called Strike
Pickoff Throw to First - Error! E1
Julian Toney to second
1-1: Ground out 5-3 (Groundball, 56, EV 88.1 MPH)
Top of the 1st over - 1 run, 2 hits, 1 error, 1 left on base; Portland 1 - Erie 0
BOTTOM OF THE 1ST
Erie SeaWolves batting - Pitching for Portland Sea Dogs : RHP Mike Schroeder
Pitching: RHP Mike Schroeder
Batting: SHB Adam Weber 0-0: Foul Ball, location: 2F
0-1: Ball
1-1: Ground out 5-3 (Groundball, 56, EV 88.1 MPH)
Batting: LHB Freddy Troncoso 0-0: Ball
1-0: Called Strike
1-1: Called Strike
1-2: Ball
2-2: Foul Ball, location: 2F
2-2: Foul Ball, location: 2F
2-2: Ball
3-2: Strikes out swinging
Batting: RHB Joel Miller 0-0: Foul Ball, location: 2F
0-1: Called Strike
0-2: Ball
1-2: Foul Ball, location: 2F
1-2: Strikes out swinging, 2-3 out at first.
Bottom of the 1st over - 0 runs, 0 hits, 0 errors, 0 left on base; Portland 1 - Erie 0
TOP OF THE 2ND
Portland Sea Dogs batting - Pitching for Erie SeaWolves : RHP Andy Miller
Batting: RHB Neil Mautone 0-0: Swinging Strike
0-1: Ball
1-1: Called Strike
1-2: Strikes out swinging
Batting: RHB Guillermo Quintero 0-0: Ball
1-0: Foul Ball, location: 2F
1-1: Ball
2-1: SINGLE (Groundball, 34D, EV 95.6 MPH)
Batting: RHB Adugna Chandu 0-0: Called Strike
Guillermo Quintero steals 2nd base
0-1: Ground out U3 (Groundball, 34S, EV 80.0 MPH)
Guillermo Quintero to third
Batting: RHB Joe Evrard 0-0: Called Strike
0-1: Swinging Strike
0-2: Strikes out swinging
Top of the 2nd over - 0 runs, 1 hit, 0 errors, 1 left on base; Portland 1 - Erie 0
BOTTOM OF THE 2ND
Erie SeaWolves batting - Pitching for Portland Sea Dogs : RHP Mike Schroeder
Batting: RHB Eric Angelle 0-0: Foul Ball, location: 2F
0-1: Ball
1-1: Ball
2-1: Ground out 6-3 (Groundball, 6, EV 87.5 MPH)
Batting: SHB Andy Vivas 0-0: Ball
1-0: Ground out U3 (Groundball, 34S, EV 86.2 MPH)
Batting: LHB Takuya Uchida 0-0: Called Strike
0-1: Hit by Pitch
Batting: LHB Howie Gutierrez 0-0: Called Strike
0-1: Ground out U3 (Groundball, 3L, EV 83.8 MPH)
Bottom of the 2nd over - 0 runs, 0 hits, 0 errors, 1 left on base; Portland 1 - Erie 0
TOP OF THE 3RD
Portland Sea Dogs batting - Pitching for Erie SeaWolves : RHP Andy Miller
Batting: RHB John Chiesa 0-0: Called Strike
0-1: Called Strike
0-2: Ball
1-2: Fly out, F9 (Flyball, 89M, EV 75.6 MPH)
Batting: RHB Manny Jurado 0-0: Foul Ball, location: 2F
0-1: Ball
1-1: Called Strike
1-2: Fly out, F8 (Flyball, 8RD, EV 91.9 MPH)
Batting: LHB Blake Sams 0-0: Ball
1-0: Ball
2-0: Called Strike
2-1: Called Strike
2-2: Foul Ball, location: 2F
2-2: Foul Ball, location: 2F
2-2: Strikes out swinging
Top of the 3rd over - 0 runs, 0 hits, 0 errors, 0 left on base; Portland 1 - Erie 0
BOTTOM OF THE 3RD
Erie SeaWolves batting - Pitching for Portland Sea Dogs : RHP Mike Schroeder
Batting: RHB Miguel Nunez 0-0: SINGLE (Groundball, 34D, EV 105.6 MPH)
Batting: LHB Adam Lancaster 0-0: Ball
1-0: Swinging Strike
1-1: Swinging Strike
1-2: Strikes out swinging
Batting: SHB Adam Weber 0-0: Called Strike
0-1: Foul Ball, location: 2F
0-2: Ball
1-2: Ball
2-2: Ball
3-2: Base on Balls
Miguel Nunez to second
Batting: LHB Freddy Troncoso 0-0: Called Strike
0-1: Foul Ball, location: 2F
0-2: Ball
1-2: Ball
2-2: Ground out 6-3 (Groundball, 6MS, EV 71.2 MPH)
Miguel Nunez to third
Adam Weber to second
Batting: RHB Joel Miller 0-0: Ball
1-0: Fly out, F4 (Popup, 4S, EV 85.6 MPH)
Bottom of the 3rd over - 0 runs, 1 hit, 0 errors, 2 left on base; Portland 1 - Erie 0
TOP OF THE 4TH
Portland Sea Dogs batting - Pitching for Erie SeaWolves : RHP Andy Miller
Batting: LHB Julian Toney 0-0: Called Strike
0-1: Ball
1-1: Ball
2-1: Foul Ball, location: 2F
2-2: Ball
3-2: Foul Ball, location: 2F
3-2: SOLO HOME RUN (Flyball, 9D, EV 101.2 MPH), Distance : 377 ft
Batting: RHB Carlos Nolasco 0-0: Ball
1-0: Foul Ball, location: 2F
1-1: Foul Ball, location: 2F
1-2: Strikes out swinging
Batting: RHB Neil Mautone 0-0: Swinging Strike
0-1: Ball
1-1: Ground out U3 (Groundball, 34S, EV 88.8 MPH)
Batting: RHB Guillermo Quintero 0-0: Ball
1-0: Ground out U3 (Groundball, 23, EV 76.9 MPH)
Top of the 4th over - 1 run, 1 hit, 0 errors, 0 left on base; Portland 2 - Erie 0
BOTTOM OF THE 4TH
Erie SeaWolves batting - Pitching for Portland Sea Dogs : RHP Mike Schroeder
Batting: RHB Eric Angelle 0-0: Foul Ball, location: 2F
0-1: Foul Ball, location: 2F
0-2: Ground out 5-3 (Groundball, 56, EV 80.0 MPH)
Batting: SHB Andy Vivas 0-0: Ball
1-0: Ball
2-0: Swinging Strike
2-1: Foul Ball, location: 2F
2-2: Foul Ball, location: 2F
2-2: Ball
3-2: Foul Ball, location: 2F
3-2: Foul Ball, location: 2F
3-2: Ground out 6-3 (Groundball, 56, EV 106.2 MPH)
Batting: LHB Takuya Uchida 0-0: Foul Ball, location: 2F
0-1: Ground out 1-3 (Groundball, P, EV 64.4 MPH)
Bottom of the 4th over - 0 runs, 0 hits, 0 errors, 0 left on base; Portland 2 - Erie 0
TOP OF THE 5TH
Portland Sea Dogs batting - Pitching for Erie SeaWolves : RHP Andy Miller
Batting: RHB Adugna Chandu 0-0: Called Strike
0-1: Foul Ball, location: 2F
0-2: Ball
1-2: Strikes out swinging
Batting: RHB Joe Evrard 0-0: Ball
1-0: Ball
2-0: Called Strike
2-1: Foul Ball, location: 2F
2-2: Strikes out swinging
Batting: RHB John Chiesa 0-0: SINGLE (Groundball, 4MD, EV 105.6 MPH) (infield hit)
Batting: RHB Manny Jurado 0-0: Ball
John Chiesa steals 2nd base (no throw)
1-0: Ball
2-0: Called Strike
2-1: Swinging Strike
2-2: Foul Ball, location: 2F
2-2: Foul Ball, location: 2F
2-2: Foul Ball, location: 2F
2-2: Foul Ball, location: 2F
2-2: Fly out, F7 (Flyball, 7, EV 94.4 MPH)
Top of the 5th over - 0 runs, 1 hit, 0 errors, 1 left on base; Portland 2 - Erie 0
BOTTOM OF THE 5TH
Erie SeaWolves batting - Pitching for Portland Sea Dogs : RHP Mike Schroeder
Batting: LHB Howie Gutierrez 0-0: Ball
1-0: Foul Ball, location: 2F
1-1: Foul Ball, location: 2F
1-2: Ball
2-2: Strikes out swinging
Batting: RHB Miguel Nunez 0-0: Called Strike
0-1: Ball
1-1: Ball
2-1: Fly out, F8 (Flyball, 89XD, EV 88.1 MPH)
Batting: LHB Adam Lancaster 0-0: Ball
1-0: Foul Ball, location: 2F
1-1: Foul Ball, location: 2F
1-2: Ball
2-2: Foul Ball, location: 2F
2-2: Ground out 4-3 (Groundball, 4, EV 104.4 MPH)
Bottom of the 5th over - 0 runs, 0 hits, 0 errors, 0 left on base; Portland 2 - Erie 0
TOP OF THE 6TH
Portland Sea Dogs batting - Pitching for Erie SeaWolves : RHP Andy Miller
Batting: LHB Blake Sams 0-0: Ball
1-0: SINGLE (Flyball, 8RS, EV 95.0 MPH)
Batting: LHB Julian Toney 0-0: Foul Ball, location: 2F
0-1: Called Strike
0-2: Ball
1-2: Ball
2-2: Ball
3-2: Grounds into double play, 6-4-3 (Groundball, 6, EV 83.1 MPH)
Batting: RHB Carlos Nolasco 0-0: Called Strike
0-1: Swinging Strike
0-2: Ball
1-2: Strikes out swinging
Top of the 6th over - 0 runs, 1 hit, 0 errors, 0 left on base; Portland 2 - Erie 0
BOTTOM OF THE 6TH
Erie SeaWolves batting - Pitching for Portland Sea Dogs : RHP Mike Schroeder
Batting: SHB Adam Weber 0-0: Ball
1-0: Called Strike
1-1: Ball
2-1: Foul Ball, location: 2F
2-2: Ball
3-2: Fly out, F8 (Flyball, 89M, EV 96.2 MPH)
Batting: LHB Freddy Troncoso 0-0: Ground out 5-3 (Groundball, 5S, EV 81.2 MPH)
Batting: RHB Joel Miller 0-0: Swinging Strike
0-1: Called Strike
0-2: Ball
1-2: Foul Ball, location: 2F
1-2: Ball
2-2: Fly out, F2 (Popup, 2RF, EV 90.6 MPH)
Bottom of the 6th over - 0 runs, 0 hits, 0 errors, 0 left on base; Portland 2 - Erie 0
TOP OF THE 7TH
Portland Sea Dogs batting - Pitching for Erie SeaWolves : RHP Andy Miller
Pitching: LHP Travis Sergo
Batting: RHB Neil Mautone 0-0: Ground out 3-1 (Groundball, 34S, EV 81.2 MPH)
Batting: RHB Guillermo Quintero 0-0: Called Strike
0-1: Ball
1-1: Called Strike
1-2: SOLO HOME RUN (Flyball, 7LD, EV 93.1 MPH), Distance : 355 ft
Batting: RHB Adugna Chandu 0-0: Ground out 5-3 (Groundball, 5, EV 109.4 MPH)
Batting: RHB Joe Evrard 0-0: Ball
1-0: Ball
2-0: Ball
3-0: Base on Balls
Batting: RHB John Chiesa 0-0: Ball
1-0: Ball
2-0: Ball
3-0: Called Strike
3-1: Called Strike
3-2: Foul Ball, location: 2F
3-2: SINGLE (Groundball, 6MD, EV 94.4 MPH)
Joe Evrard to second
Joe Evrard to third
Batting: RHB Manny Jurado 0-0: Ball
1-0: Fly out, F9 (Flyball, 9LD, EV 96.2 MPH)
Top of the 7th over - 1 run, 2 hits, 0 errors, 2 left on base; Portland 3 - Erie 0
BOTTOM OF THE 7TH
Erie SeaWolves batting - Pitching for Portland Sea Dogs : RHP Mike Schroeder
Batting: RHB Eric Angelle 0-0: Ball
1-0: Ball
2-0: Ground out 3-1 (Groundball, 34, EV 96.9 MPH)
Batting: SHB Andy Vivas 0-0: DOUBLE (Groundball, 3L, EV 105.0 MPH)
Batting: LHB Takuya Uchida 0-0: Swinging Strike
0-1: Ball
1-1: Ball
2-1: Swinging Strike
2-2: Ball
3-2: Base on Balls
Pitching: LHP Jon Green
Batting: LHB Howie Gutierrez 0-0: Called Strike
0-1: Foul Ball, location: 2F
0-2: Ball
1-2: Foul Ball, location: 2F
1-2: Ball
2-2: Fielders Choice at 2nd, 1-6 (Groundball, 13S, EV 68.1 MPH)
Andy Vivas to third
Pitching: LHP Taylor Sightler
Batting: RHB Miguel Nunez 0-0: Ball
1-0: Fielders Choice at 2nd, 6-4 (Groundball, 6, EV 101.9 MPH)
Bottom of the 7th over - 0 runs, 1 hit, 0 errors, 2 left on base; Portland 3 - Erie 0
TOP OF THE 8TH
Portland Sea Dogs batting - Pitching for Erie SeaWolves : LHP Travis Sergo
Pitching: RHP Vic Flores
Batting: LHB Blake Sams 0-0: Ball
1-0: Called Strike
1-1: SINGLE (Groundball, 34D, EV 106.2 MPH)
Batting: LHB Julian Toney 0-0: Ball
1-0: Called Strike
1-1: Ball
Blake Sams steals 2nd base (no throw)
2-1: Ball
3-1: SINGLE (Line Drive, 56D, EV 102.5 MPH)
Blake Sams to third
Runner from 3rd tries for Home, SAFE, throw by LF to home
Batting: RHB Carlos Nolasco 0-0: Called Strike
0-1: Ball
Julian Toney steals 2nd base
1-1: Ball
2-1: SINGLE (Groundball, 6S, EV 72.5 MPH) (infield hit)
Julian Toney to third
Batting: RHB Neil Mautone 0-0: Grounds into double play, 4-6-3 (Groundball, 4M, EV 105.0 MPH)
Julian Toney scores
Batting: RHB Guillermo Quintero 0-0: Called Strike
0-1: Fly out, F7 (Flyball, 7D, EV 86.9 MPH)
Top of the 8th over - 2 runs, 3 hits, 0 errors, 0 left on base; Portland 5 - Erie 0
BOTTOM OF THE 8TH
Erie SeaWolves batting - Pitching for Portland Sea Dogs : LHP Taylor Sightler
Batting: LHB Adam Lancaster 0-0: Ball
1-0: Ground out 4-3 (Groundball, 4, EV 94.4 MPH)
Batting: SHB Adam Weber 0-0: Foul Ball, location: 2F
0-1: Ball
1-1: Foul Ball, location: 2F
1-2: Ball
2-2: Ball
3-2: Ground out 5-3 (Groundball, 56, EV 86.2 MPH)
Batting: LHB Freddy Troncoso 0-0: Ball
1-0: Swinging Strike
1-1: Swinging Strike
1-2: SINGLE (Flyball, 8RS, EV 86.2 MPH)
Batting: RHB Joel Miller 0-0: Ball
1-0: Fly out, F7 (Flyball, 78D, EV 102.5 MPH)
Bottom of the 8th over - 0 runs, 1 hit, 0 errors, 1 left on base; Portland 5 - Erie 0
TOP OF THE 9TH
Portland Sea Dogs batting - Pitching for Erie SeaWolves : RHP Vic Flores
Batting: RHB Adugna Chandu 0-0: Called Strike
0-1: Swinging Strike
0-2: Ball
1-2: Ball
2-2: Strikes out swinging
Batting: RHB Joe Evrard 0-0: Called Strike
0-1: Ball
1-1: Swinging Strike
1-2: Strikes out swinging
Batting: RHB John Chiesa 0-0: Called Strike
0-1: Foul Ball, location: 2F
0-2: SINGLE (Groundball, 25, EV 70.0 MPH) (infield hit)
Batting: RHB Manny Jurado 0-0: Ball
John Chiesa steals 2nd base
1-0: Foul Ball, location: 2F
1-1: Fly out, F8 (Flyball, 8RD, EV 98.8 MPH)
Top of the 9th over - 0 runs, 1 hit, 0 errors, 1 left on base; Portland 5 - Erie 0
BOTTOM OF THE 9TH
Erie SeaWolves batting - Pitching for Portland Sea Dogs : LHP Taylor Sightler
Batting: RHB Eric Angelle 0-0: Ball
1-0: Ball
2-0: Swinging Strike
2-1: Ball
3-1: DOUBLE (Line Drive, 7LD, EV 113.8 MPH)
Batting: SHB Andy Vivas 0-0: Ball
1-0: Called Strike
1-1: Foul Ball, location: 2F
1-2: Ball
2-2: Strikes out swinging
Pinch Hitting: RHB Bill Cabrera 0-0: Foul Ball, location: 2F
0-1: Foul Ball, location: 2F
0-2: Ball
1-2: Ground out 4-3 (Groundball, 4, EV 81.9 MPH)
Eric Angelle to third
Batting: LHB Howie Gutierrez 0-0: Ball
1-0: Foul Ball, location: 2F
1-1: Called Strike
1-2: Fly out, F6 (Line Drive, 6M, EV 88.1 MPH)
Bottom of the 9th over - 0 runs, 1 hit, 0 errors, 1 left on base; Portland 5 - Erie 0
Wednesday, June 22nd , 2022 - OOTP Baseball 23.4 Build 64